 Dungeon Crawl Stone Soup version 0.31.0-11-ge490571c62 (webtiles) character file.

Game seed: 5000180230862046257

484072 Aviak the Cardsharp (level 23, 0/204 HPs)
             Began as a Green Draconian Alchemist on Feb 4, 2024.
             Was a High Priest of Nemelex Xobeh.
             Slain by a titan (30 damage)
             ... on level 5 of the Vaults.
             The game lasted 03:20:54 (56611 turns).

Aviak the Cardsharp (Green Draconian Alchemist)    Turns: 56611, Time: 03:20:54

Health: 0/204      AC: 22    Str: 15    XL:     23   Next: 59%
Magic:  35/36      EV: 22    Int: 20    God:    Nemelex Xobeh [*****.]
Gold:   3197       SH: 17    Dex: 19    Spells: 16/32 levels left

rFire   + . .        e - +9 quick blade (elec)
rCold   + . .        p - +2 kite shield {reflect}
rNeg    + . .        (body armour unavailable)
rPois   +            h - +0 hat
rElec   .            T - +2 cloak
rCorr   .            d - +0 pair of gloves of Ygonloo {rF+ Will+ Str+3}
SInv    .            k - +2 pair of boots
Will    ++...        M - amulet of regeneration
Stlth   +++++        A - +4 ring of protection
HPRegen 1.34/turn    E - ring of protection from cold
MPRegen 0.25/turn

%: reflection
@: maw-form, studying 3 skills
A: devouring maw, breathe noxious fumes, AC +11, unfitting armour, stinger 1,
poison resistance, cold-blooded, claws 1
}: 2/15 runes: decaying, serpentine
a: Breathe Noxious Fumes, Begin Untransformation, Renounce Religion, Draw
Escape, Draw Destruction, Draw Summoning, Triple Draw, Deal Four, Stack Five


You were on level 5 of the Vaults.
You worshipped Nemelex Xobeh.
Nemelex Xobeh was extremely pleased with you.
You were a creature with a mouth for a stomach.
You visited 8 branches of the dungeon, and saw 39 of its levels.
You visited the Abyss 1 time.
You also visited: Wizlab.

You collected 8149 gold pieces.
You spent 4952 gold pieces at shops.

Inventory:

Hand Weapons
 e - a +9 quick blade of electrocution (weapon)
Armour
 d - the +0 pair of gloves of Ygonloo (worn) {rF+ Will+ Str+3}
   (You bought it in a shop on level 2 of the Snake Pit)

   Str+3:     It affects your strength (+3).
   rF+:       It protects you from fire.
   Will+:     It increases your willpower.
 h - a +0 hat (worn)
 k - a +2 pair of boots (worn)
 p - a +2 kite shield of reflection (worn)
 T - a +2 cloak (worn)
Jewellery
 m - the ring "Xinaol" {Fly Dex+3 SInv}
   (You found it in a wizard's laboratory)

   [ring of flight]

   Dex+3:     It affects your dexterity (+3).
   SInv:      It lets you see invisible.
   Fly:       It grants you flight.
 n - a ring of positive energy
 A - a +4 ring of protection (left hand)
 E - a ring of protection from cold (right hand)
 M - an amulet of regeneration (around neck)
 W - the ring of Rorub {Wiz rF+ MP+9 Str+3}
   (You found it on level 1 of the Swamp)

   [ring of wizardry]

   Wiz:       It improves your spell success rate.
   Str+3:     It affects your strength (+3).
   rF+:       It protects you from fire.
   MP+9:      It affects your magic capacity (+9).
 Y - a +6 ring of strength
Talismans
 w - the maw talisman of the Shining Light (active) {rN+ Int+5 Dex-3 Stlth+}
   (You found it in a wizard's laboratory)

   [maw talisman]

   Int+5:     It affects your intelligence (+5).
   Dex-3:     It affects your dexterity (-3).
   rN+:       It protects you from negative energy.
   Stlth+:    It makes you more stealthy.
 y - the granite talisman "Ziliysu" {rF++}
   (You found it on level 4 of the Vaults)

   [granite talisman]

   rF++:      It greatly protects you from fire.
Wands
 j - a wand of mindburst (60)
 o - a wand of paralysis (64)
 G - a wand of flame (67)
 H - a wand of digging (13)
 J - a wand of light (18)
 V - a wand of roots (15)
Scrolls
 a - 6 scrolls of enchant weapon
 b - 7 scrolls of brand weapon
 s - 5 scrolls of summoning {!r}
 t - 9 scrolls of teleportation
 u - 5 scrolls of amnesia
 x - a scroll of blinking
 C - a scroll of fog
 D - 9 scrolls of poison
 F - 7 scrolls of immolation
 N - 4 scrolls of fear
 P - 10 scrolls of torment {!r}
 R - 2 scrolls of enchant armour
 S - a scroll of silence {!r}
 Z - 4 scrolls of revelation
Potions
 c - 5 potions of curing
 f - 2 potions of haste
 g - 12 potions of might
 i - a potion of ambrosia
 l - 3 potions of cancellation
 r - 3 potions of resistance
 v - 13 potions of mutation {!q}
 z - 6 potions of brilliance
 B - 4 potions of attraction
 K - 5 potions of magic
 L - 4 potions of lignification {!q}
 Q - 2 potions of enlightenment
 X - 3 potions of invisibility
Miscellaneous
 q - a lightning rod (2/4)
 I - a tin of tremorstones (2/2)
 O - a box of beasts
 U - a phial of floods


   Skills:
 + Level 16.9 Fighting
 - Level 16.0 Short Blades
 - Level 16.0 Dodging
 - Level 8.0 Stealth
 - Level 16.0 Shields
 - Level 5.0 Spellcasting
 - Level 2.0 Conjurations
 - Level 5.0 Necromancy
 - Level 6.0 Fire Magic
 - Level 10.0 Alchemy
 - Level 19.0 Invocations
 - Level 16.0 Evocations
 + Level 16.7 Shapeshifting


You had 16 spell levels left.
You knew the following spells:

 Your Spells              Type           Power      Damage    Failure   Level
a - Sting                 Conj/Alch      100%       1d9       1%          1
b - Mercury Vapours       Alch/Air       50%        N/A       3%          2
c - Olgreb's Toxic Radia  Alch           45%        N/A       3%          4
d - Sticky Flame          Fire/Alch      37%        2d8       7%          4
e - Fugue of the Fallen   Necr           25%        N/A       8%          3
q - Scorch                Fire           58%        2d7       2%          2

Your spell library contained the following spells:

 Spells                   Type           Power      Damage    Failure   Level
 Cigotuvi's Dreadful Rot  Necr/Alch/Air  50%        N/A       3%          2
 Sublimation of Blood     Necr           25%        N/A       3%          2
 Vampiric Draining        Necr           25%        2d7       8%          3
 Magic Dart               Conj           52%        1d5       9%          1
 Alistair's Intoxication  Alch           30%        N/A       9%          5
 Mephitic Cloud           Conj/Alch/Air  21%        N/A       11%         3
 Searing Ray              Conj           26%        2d5       13%         2
 Fulminant Prism          Conj/Alch      14%        3d9       16%         4
 Sandblast                Erth           10%        2d5       19%         1
 Momentum Strike          Conj/Tloc      18%        3d8       19%         2
 Static Discharge         Conj/Air       18%        3-4/arc   19%         2
 Blink                    Tloc           10%        N/A       28%         2
 Call Imp                 Summ           10%        N/A       28%         2
 Ensorcelled Hibernation  Hex/Ice        10%        N/A       28%         2
 Lesser Beckoning         Tloc           10%        N/A       28%         2
 Dazzling Flash           Conj/Hex       18%        N/A       36%         3
 Stone Arrow              Conj/Erth      18%        3d8       36%         3
 Flame Wave               Conj/Fire      21%        2d8       36%         4
 Irradiate                Conj/Alch      14%        3d16      41%         5
 Eringya's Noxious Bog    Alch           22%        4d6       43%         6
 Gell's Gravitas          Tloc           5%         N/A       50%         3
 Passwall                 Erth           5%         N/A       50%         3
 Swiftness                Air            5%         N/A       50%         3
 Teleport Other           Tloc           5%         N/A       50%         3
 Tukima's Dance           Hex            5%         N/A       50%         3
 Anguish                  Hex/Necr       7%         N/A       56%         4
 Martyr's Knell           Necr/Summ      15%        N/A       56%         4
 Curse of Agony           Necr           25%        N/A       56%         5
 Yara's Violent Unravell  Hex/Alch       12%        3d7       56%         5
 Fireball                 Conj/Fire      10%        3d6       71%         5
 Brom's Barrelling Bould  Conj/Erth      9%         2d3       77%         4
 Passage of Golubria      Tloc           5%         N/A       88%         4
 Borgnjor's Vile Clutch   Necr/Erth      7%         N/A       88%         5
 Iskenderun's Battlesphe  Conj           13%        2d7       93%         5
 Silence                  Hex/Air        2%         N/A       99%         5
 Summon Forest            Summ/Tloc      2%         N/A       99%         5
 Summon Mana Viper        Hex/Summ       5%         N/A       99%         5
 Starburst                Conj/Fire      10%        6d5       99%         6
 Conjure Ball Lightning   Conj/Air       4%         3x3d6     100%        6
 Dispersal                Tloc           2%         N/A       100%        6
 Summon Cactus Giant      Summ           2%         N/A       100%        6
 Haunt                    Necr/Summ      7%         N/A       100%        7
 Orb of Destruction       Conj           6%         9d6       100%        7
 Summon Hydra             Summ           2%         N/A       100%        7
 Borgnjor's Revivificati  Necr           12%        N/A       100%        8
 Discord                  Hex            2%         N/A       100%        8
 Disjunction              Tloc           2%         N/A       100%        8
 Lehudib's Crystal Spear  Conj/Erth      4%         10d3      100%        8
 Death's Door             Necr           12%        N/A       100%        9
 Animate Armour           Summ/Erth      Unusable   N/A       N/A         4

Dungeon Overview and Level Annotations

Branches:
Dungeon (15/15)            Temple (1/1) D:5            Lair (5/5) D:10
  Swamp (4/4) Lair:3        Snake (4/4) Lair:3        Slime (0/5) Lair:4
    Orc (2/2) D:12            Elf (3/3) Orc:2        Vaults (5/5) D:14
  Crypt (0/3) Vaults:2     Depths (0/4) D:15         WizLab (visited)

Altars:
Ashenzari
Cheibriados
Dithmenos
Elyvilon
Fedhas
Gozag
Hepliaklqana
Kikubaaqudgha
Makhleb
Nemelex Xobeh
Okawaru
Qazlal
Ru
Sif Muna
Trog
Uskayaw
Vehumet
Wu Jian
Xom
Yredelemnul
Zin
The Shining One

Shops:
D:12 =*((   D:14 (   Orc:1 (   Orc:2 *(??   Elf:1 [**:   Snake:1 (
Snake:2 ((***[(   Snake:3 *   Snake:4 :==   Vaults:3 (

Portals:
Trove: Vaults:2 (give +3 gold dragon scales)

Annotations:
D:5 2 runed translucent doors, 7tar4e's ghost, amateur FeSh


Innate Abilities, Weirdness & Mutations

You are a creature with a mouth for a stomach.
Your midsection houses a second, enormous mouth.
You can breathe blasts of noxious fumes.
Your lurid green scales are hard. (AC +11)
You cannot fit into any form of body armour.
Your tail ends in a venomous barb.
Your system is resistant to poisons. (rPois)
You are cold-blooded and may be slowed by cold attacks.
You have sharp fingernails.


Message History

You hit the titan but do no damage.
You tail-slap the titan, but do no damage.
You bite the titan.
The titan is moderately wounded.
The titan hits you!!!
You hit the titan but do no damage.
You tail-slap the titan, but do no damage.
You hit the titan but do no damage. You tail-slap the titan.
The titan looks even sicker.
You bite the titan!
The titan is moderately wounded.
You hit the titan. You tail-slap the titan.
The titan looks as sick as possible!
You puncture the titan!
The titan is heavily wounded.
The titan points at you and mumbles some strange words.
The bolt of lightning hits you!!!
* * * LOW HITPOINT WARNING * * *
The yaktaur captain shoots a bolt.
You block the bolt with your +2 kite shield of reflection... and reflect it back!
The bolt hits the yaktaur captain!!
Okay, then.
As you read the scroll of fear, it crumbles to dust.
You assume a fearsome visage.
The yaktaur captain looks frightened!
The titan resists with almost no effort.
The titan completely misses you.
Aiming: Bolt of Light
Press: ? - help, Shift-Dir - straight line, f - titan
Aim: a titan (heavily wounded, extremely poisoned, 98% to hit)
The bolt of light hits the titan!!
The titan is almost dead.
The titan is blinded.
The titan gestures wildly while chanting.
The titan is healed somewhat.
Aiming: Bolt of Light
Press: ? - help, Shift-Dir - straight line, f/p - titan
Aim: a titan (severely wounded, blind, unable to see you, extremely poisoned, 98% to hit)
The bolt of light hits the titan!!
The titan is almost dead.
The titan hits you!!
You die...
Your body glows slightly and disappears.

...## ....## ##/.......#
.....## ##(!..c....#
....))#####φ.........#
.....###/###.........#
....###..)###[.......#
...###./=.)###.......#
..###.......###).C...#
.###.........###W....#
###...........###....#
##..........^..###...#
#...............###..# #
.................##..#..#
........................#
####################....#
...... ....# ......
......#


You could see a titan (blind, unable to see you, extremely poisoned) and a
yaktaur captain (fleeing).

Vanquished Creatures
  3 ancient liches (Vaults:4)
  Mara (Swamp:3)
  Sojobo (Vaults:5)
  A golden dragon (Vaults:4)
  Norris (Elf:1)
  A mutant beast (WizLab)
  A bone dragon (Vaults:2)
  5 tentacled monstrosities
  A lich (Vaults:4)
  A deep elf master archer (Elf:3)
  3 titans
  Asterion (Elf:1)
  The ghost of Raspi the Warrior, an adept MiFi of Gozag (Swamp:4)
  5 deep elf blademasters
  4 sphinxes
  Agnes (Snake:3)
  Kirke (D:14)
  Donald (Snake:3)
  3 shadow dragons
  7 nagarajas
  4 tengu reavers
  A fire giant (Vaults:5)
  A storm dragon (Vaults:5)
  Louise (Swamp:2)
  2 frost giants
  7 deep elf sorcerers
  2 fenstrider witches
  3 deep elf elementalists (Elf:3)
  16 vault wardens
  2 iron dragons (Vaults:4)
  17 ironbound preservers
  2 formless jellyfish
  11 very ugly things
  A broodmother (shapeshifter) (WizLab)
  9 stone giants
  6 ironbound thunderhulks
  10 deep elf death magi
  3 deep elf demonologists
  11 deep elf annihilators
  2 bunyips
  10 eleionomae
  3 war gargoyles
  A bunyip (shapeshifter) (WizLab)
  15 dire elephants
  A spark wasp (Snake:2)
  Azrael (Snake:1)
  2 green deaths (Swamp:4)
  2 spark wasps (shapeshifter) (WizLab)
  8 ettins
  7 deep elf high priests
  2 shambling mangroves
  11 great orbs of eyes
  16 hydras
  2 salamander tyrants
  2 entropy weavers (Vaults:1)
  33 vault guards
  9 yaktaur captains
  2 sphinx zombies (Vaults:2)
  8 centaur warriors
  4 ogre magi
  16 anacondas
  2 catoblepae
  7 alligators
  17 two-headed ogres
  9 ironbound frosthearts
  4 radroaches (WizLab)
  22 dancing weapons
  4 boulder beetles
  2 two-headed ogres (shapeshifter)
  13 naga warriors
  A death knight (D:14)
  2 tengu warriors (D:15)
  2 death yaks
  A hell knight (Vaults:4)
  Urug (Orc:2)
  8 shock serpents
  A thrashing horror (Swamp:4)
  23 naga sharpshooters
  4 spriggans
  20 deep elf knights
  A sixfirhy (Abyss:2)
  A fire crab (Elf:3)
  A goliath frog (shapeshifter) (Elf:1)
  40 deep trolls
  7 skysharks
  7 skeletal warriors
  3 skysharks (shapeshifter) (WizLab)
  5 bog bodies
  13 mana vipers
  8 salamander mystics
  8 glowing orange brains (Vaults:4)
  3 spriggan druids
  A sun moth (shapeshifter) (WizLab)
  2 sea snakes (Snake:3)
  13 arcanists
  9 phantasmal warriors
  2 sea snakes (shapeshifter)
  A mana viper (shapeshifter) (Vaults:4)
  7 goliath frogs
  A lindwurm (shapeshifter) (WizLab)
  5 swamp dragons
  7 naga ritualists
  22 deep elf zephyrmancers
  12 deep elf archers
  33 deep elf pyromancers
  22 ironbound convokers
  A glowing shapeshifter (Vaults:5)
  15 lindwurms
  5 orc sorcerers
  3 harpies
  6 necromancers
  5 orc knights
  A worldbinder (Abyss:2)
  A cyclops (shapeshifter) (Vaults:3)
  8 cyclopes
  5 will-o-the-wisps
  A faun (Vaults:4)
  2 meliai (shapeshifter)
  A faun (shapeshifter) (Vaults:5)
  A moth of wrath (Vaults:1)
  46 ugly things
  25 salamanders
  6 manticores
  Maurice (Orc:2)
  10 guardian serpents
  44 black mambas
  6 kobold blastminers
  22 naga magi
  A black mamba (shapeshifter) (D:15)
  Joseph (D:8)
  2 torpor snails
  23 vault sentinels
  2 moths of wrath (shapeshifter) (WizLab)
  12 elephants (Lair:4)
  3 gargoyles
  2 orange demons
  3 molten gargoyles (Lair:5)
  11 large abominations
  3 smoke demons (Abyss:2)
  5 rime drakes
  5 unseen horrors (Elf:3)
  Jeremiah (Lair:1)
  11 cane toads
  A yaktaur (shapeshifter) (Vaults:4)
  11 komodo dragons
  An efreet (D:13)
  A kobold demonologist (D:13)
  2 freezing wraiths (D:14)
  29 yaktaurs
  A tengu conjurer (D:14)
  A bloated husk (Swamp:1)
  A merfolk (shapeshifter) (WizLab)
  6 trolls
  A merfolk (Snake:2)
  A polar bear (shapeshifter) (D:14)
  4 polar bears
  A tarantella (Vaults:1)
  11 tyrant leeches
  10 hornets
  11 dream sheep (Lair:5)
  4 glass eyes (WizLab)
  11 blink frogs
  A snapping turtle (shapeshifter) (WizLab)
  32 slime creatures
  A ynoxinul (Abyss:2)
  A culicivora (shapeshifter) (WizLab)
  6 shadows
  10 small abominations
  A wraith (D:13)
  2 culicivoras
  A yak (shapeshifter) (WizLab)
  2 air elementals
  2 humans (D:14)
  6 wyverns
  A hog (Snake:2)
  8 basilisks
  A starcursed mass (Abyss:2)
  9 fire elementals
  36 yaks
  A human (shapeshifter) (D:8)
  3 wargs
  A warg (shapeshifter) (D:13)
  An iron golem (WizLab)
  A redback (Lair:5)
  2 steam dragons (Lair:5)
  14 vampire mosquitoes
  47 nagas
  14 swamp worms
  3 acid dragons
  A human skeleton (Vaults:2)
  8 hell hounds
  16 water moccasins
  3 sky beasts
  24 orc warriors
  An ice beast (D:5)
  6 black bears
  22 ogres
  4 laughing skulls
  21 wolves
  A tengu (Vaults:1)
  A centaur (shapeshifter) (WizLab)
  15 centaurs
  5 boggarts (Vaults:2)
  3 kobold brigands
  An elf zombie (Elf:1)
  A brain worm (Snake:3)
  3 gnoll sergeants
  16 bullfrogs
  2 scorpions
  4 wights
  A human simulacrum (Vaults:2)
  3 killer bees (D:8)
  2 electric eels
  7 howler monkeys
  5 lava snakes (Lair:5)
  A jelly (Orc:2)
  2 bombardier beetles (D:4)
  3 hounds (D:6)
  11 orc priests
  2 iguanas (D:5)
  4 sleepcaps
  Jessica (D:3)
  Terence (D:2)
  7 hell rats (Lair:3)
  22 orc wizards
  Robin (D:2)
  9 gnolls
  3 adders
  3 river rats (Lair:3)
  A shadow imp (D:6)
  4 white imps
  4 ufetubi
  3 dart slugs
  3 ribbon worms
  68 orcs
  8 ball pythons
  5 endoplasms
  4 giant cockroaches
  9 hobgoblins
  4 jackals (D:5)
  7 quokkas
  12 bats
  2 frilled lizards
  15 goblins
  19 kobolds
  10 rats
1725 creatures vanquished.

Vanquished Creatures (collateral kills)
  Xtahua (Vaults:4)
  A titan (Vaults:5)
  A quicksilver dragon (Vaults:5)
  A fire giant (Vaults:5)
  A deep elf sorcerer (Vaults:5)
  A very ugly thing (Abyss:2)
  A bunyip (Swamp:3)
  Josephine (D:10)
  A fire dragon (Lair:5)
  A hydra (Snake:2)
  A vault guard (Vaults:4)
  2 centaur warriors (D:8)
  An alligator snapping turtle (Snake:2)
  2 anacondas
  8 dancing weapons (Elf:2)
  3 death yaks (Lair:4)
  2 naga warriors (Snake:4)
  A deep troll earth mage (Vaults:5)
  A shock serpent (Snake:3)
  A thrashing horror (Abyss:2)
  3 deep elf knights (Elf:2)
  3 skeletal warriors (D:13)
  A goliath frog (Snake:2)
  Lodul (D:14)
  A sea snake (Snake:2)
  2 naga ritualists (Snake:2)
  2 slime creatures
  An orc knight (Orc:1)
  3 mana vipers (Snake:2)
  A deep elf zephyrmancer (Elf:2)
  2 starcursed masses (Abyss:2)
  2 deep elf pyromancers
  A salamander (Snake:3)
  An ugly thing (Swamp:4)
  A manticore (Lair:4)
  2 black mambas
  A rust devil (Abyss:2)
  An orange demon (Swamp:4)
  3 cane toads
  A komodo dragon (Lair:4)
  A hornet (Lair:4)
  A tyrant leech (Swamp:3)
  4 blink frogs (Lair:5)
  A raiju (Abyss:2)
  A dream sheep (Lair:5)
  A snapping turtle (Snake:2)
  4 yaks
  4 wraiths (D:10)
  A warg (Orc:1)
  A basilisk (D:13)
  An acid dragon (D:8)
  2 water moccasins
  2 orc warriors (Orc:1)
  A black bear (Lair:4)
  A sky beast (D:8)
  3 laughing skulls (Abyss:2)
  4 ogres
  7 wolves
  A kobold brigand (D:7)
  A bullfrog (D:8)
  4 wights (D:7)
  3 killer bees (D:8)
  2 howler monkeys (D:8)
  A hound (D:5)
  An iron imp (Abyss:2)
  2 orc wizards
  An adder (D:5)
  5 orcs
  3 kobolds (D:7)
  A quokka (Lair:5)
  A bat (D:13)
  A butterfly (D:5)
132 creatures vanquished.

Vanquished Creatures (others)
  An ogre mage (Orc:2)
  A deep elf knight (D:14)
  A guardian serpent (Snake:3)
  A black mamba (Snake:3)
  A naga mage (Snake:3)
  3 bloated husks
  2 humans (D:14)
  A swamp drake (Swamp:1)
  A bombardier beetle (Snake:2)
  An orc (Vaults:5)
  14 foxfires
27 creatures vanquished.

Grand Total: 1884 creatures vanquished

Notes
Turn   | Place    | Note
-------+----------+-------------------------------------------
     0 | D:1      | Aviak the Draconian Alchemist began the quest for the Orb.
     0 | D:1      | Reached XP level 1. HP: 14/14 MP: 3/3
   386 | D:1      | Reached XP level 2. HP: 20/20 MP: 1/5
  1002 | D:2      | Noticed Terence
  1010 | D:2      | Killed Terence
  1011 | D:2      | Reached XP level 3. HP: 16/26 MP: 0/6
  1195 | D:2      | Noticed Robin
  1233 | D:2      | Killed Robin
  1234 | D:2      | Reached XP level 4. HP: 20/33 MP: 1/7
  1271 | D:2      | Learned a level 2 spell: Mercury Vapours
  1276 | D:2      | Learned a level 4 spell: Olgreb's Toxic Radiance
  1794 | D:2      | Found a sparkling altar of Nemelex Xobeh.
  1806 | D:2      | Became a worshipper of Nemelex Xobeh the Trickster
  2172 | D:3      | Noticed Jessica
  2180 | D:3      | Killed Jessica
  2987 | D:4      | Noticed an ogre
  2989 | D:4      | Reached XP level 5. HP: 38/38 MP: 9/9
  3004 | D:4      | Killed an ogre
  3005 | D:4      | Reached skill level 1 in Invocations
  3134 | D:3      | Reached XP level 6. HP: 45/45 MP: 5/10
  3178 | D:3      | Reached * piety under Nemelex Xobeh
  3275 | D:4      | Received a gift from Nemelex Xobeh
  3287 | D:4      | Reached skill level 2 in Invocations
  3668 | D:5      | Entered Level 5 of the Dungeon
  3683 | D:4      | Reached skill level 5 in Alchemy
  3683 | D:4      | Reached skill level 3 in Invocations
  3730 | D:4      | Your scales start taking on a lurid green colour.
  3730 | D:4      | Reached XP level 7. HP: 25/50 MP: 11/11
  3730 | D:4      | Gained mutation: Your system is resistant to poisons.
                  | (rPois) [Green Draconian growth]
  4128 | D:5      | Reached skill level 4 in Invocations
  4391 | D:5      | Found a runed translucent door.
  4394 | D:5      | Noticed 7tar4e's ghost (amateur FeSh)
  4406 | D:5      | Found a shimmering altar of Xom.
  4527 | D:5      | Received a gift from Nemelex Xobeh
  4600 | D:5      | Reached skill level 5 in Dodging
  4600 | D:5      | Found a runed translucent door.
  4655 | D:5      | Found a staircase to the Ecumenical Temple.
  4701 | D:4      | Learned a level 4 spell: Sticky Flame
  4714 | D:4      | Reached XP level 8. HP: 44/57 MP: 12/12
  4847 | D:5      | Reached skill level 1 in Fighting
  4857 | Temple   | Entered the Ecumenical Temple
  4872 | D:5      | Reached ** piety under Nemelex Xobeh
  5072 | D:5      | Reached skill level 1 in Short Blades
  5346 | D:6      | Received a gift from Nemelex Xobeh
  5373 | D:6      | Reached skill level 5 in Invocations
  6329 | D:7      | Reached skill level 1 in Fire Magic
  6385 | D:7      | Received a gift from Nemelex Xobeh
  6511 | D:7      | Reached skill level 6 in Invocations
  6580 | D:7      | Reached XP level 9. HP: 50/70 MP: 13/13
  6656 | D:7      | Reached *** piety under Nemelex Xobeh
  7361 | D:8      | Noticed Joseph
  7383 | D:8      | Killed Joseph
  7820 | D:8      | Received a gift from Nemelex Xobeh
  7830 | D:8      | Noticed a troll
  7837 | D:8      | Reached skill level 7 in Invocations
  7843 | D:8      | Killed a troll
  7844 | D:8      | Reached skill level 5 in Fighting
  7858 | D:8      | Noticed a centaur warrior
  7876 | D:8      | Identified the +0 quarterstaff "Conservator" {freeze,
                  | Will+}
  7881 | D:8      | Gained mutation: You are occasionally teleported next to
                  | monsters. [potion of mutation]
  7881 | D:8      | Gained mutation: Your tail ends in a venomous barb. [potion
                  | of mutation]
  7882 | D:8      | HP: 1/74 [killer bee (8)]
  7885 | D:8      | Noticed a centaur warrior
  7892 | D:8      | Reached skill level 5 in Short Blades
  7893 | D:8      | Killed a centaur warrior
  7894 | D:8      | Reached XP level 10. HP: 34/83 MP: 15/15
  7894 | D:8      | Killed a centaur warrior
  7895 | D:8      | Reached skill level 8 in Invocations
  8228 | D:8      | Identified the +0 hat of Xipsetill {*Corrode +Blink rElec}
  8455 | D:9      | Reached skill level 9 in Invocations
  8466 | D:9      | Lost mutation: Your tail ends in a venomous barb. [potion
                  | of mutation]
  8466 | D:9      | Lost mutation: You are occasionally teleported next to
                  | monsters. [potion of mutation]
  8466 | D:9      | Gained mutation: You are occasionally teleported next to
                  | monsters. [potion of mutation]
  8466 | D:9      | Gained mutation: You are frail. (-10% HP) [potion of
                  | mutation]
  9222 | D:10     | Entered Level 10 of the Dungeon
  9230 | D:10     | Noticed a two-headed ogre
  9237 | D:10     | Killed a two-headed ogre
  9394 | D:10     | Noticed Josephine
  9414 | D:10     | Reached XP level 11. HP: 66/85 MP: 18/18
  9415 | D:10     | Killed Josephine
  9416 | D:10     | Reached skill level 1 in Shields
  9468 | D:10     | Found an ancient bone altar of Kikubaaqudgha.
  9769 | D:10     | Found a staircase to the Lair.
  9769 | D:10     | Received a gift from Nemelex Xobeh
  9769 | D:10     | Noticed a death yak
  9797 | D:10     | Killed a death yak
  9798 | D:10     | Reached skill level 10 in Invocations
  9989 | D:10     | Reached **** piety under Nemelex Xobeh
 10205 | Lair:1   | Entered Level 1 of the Lair of Beasts
 10256 | Lair:1   | Noticed Jeremiah
 10269 | Lair:1   | Killed Jeremiah
 10519 | Lair:1   | Received a gift from Nemelex Xobeh
 10968 | Lair:1   | Reached skill level 10 in Alchemy
 11546 | Lair:2   | Reached ***** piety under Nemelex Xobeh
 11547 | Lair:2   | Received a gift from Nemelex Xobeh
 11757 | Lair:2   | Reached skill level 10 in Fighting
 11943 | Lair:2   | Reached XP level 12. HP: 62/95 MP: 11/20
 12105 | Lair:2   | Reached skill level 11 in Invocations
 12377 | Lair:2   | Reached skill level 5 in Shields
 12551 | Lair:2   | Received a gift from Nemelex Xobeh
 13387 | Lair:3   | Received a gift from Nemelex Xobeh
 13411 | Lair:3   | Noticed an eleionoma
 13421 | Lair:3   | Killed an eleionoma
 13660 | Lair:3   | Reached skill level 5 in Fire Magic
 13849 | Lair:3   | Learned a level 2 spell: Scorch
 14018 | Lair:3   | Found a staircase to the Swamp.
 14019 | Lair:3   | Received a gift from Nemelex Xobeh
 14397 | Lair:3   | You fall into a shaft and drop 2 floors!
 14397 | Lair:5   | Entered Level 5 of the Lair of Beasts
 14397 | Lair:5   | Noticed a six-headed hydra
 14430 | Lair:4   | Received a gift from Nemelex Xobeh
 14463 | Lair:4   | Reached skill level 5 in Spellcasting
 14714 | Lair:3   | Found a staircase to the Snake Pit.
 15239 | Lair:4   | Reached skill level 10 in Dodging
 15242 | Lair:4   | Reached skill level 1 in Evocations
 15242 | Lair:4   | Reached XP level 13. HP: 61/101 MP: 3/21
 15586 | Lair:4   | Found a staircase to the Slime Pits.
 16254 | Lair:4   | Reached skill level 5 in Evocations
 16370 | Lair:4   | Noticed a dire elephant
 16469 | Lair:4   | Killed a dire elephant
 16559 | Lair:4   | Noticed a dire elephant
 16571 | Lair:4   | Killed a dire elephant
 16577 | Lair:4   | Reached skill level 1 in Shapeshifting
 16804 | Lair:5   | Received a gift from Nemelex Xobeh
 16804 | Lair:5   | Reached ****** piety under Nemelex Xobeh
 16989 | Lair:5   | Reached skill level 5 in Shapeshifting
 17346 | Lair:5   | Gained mutation: Your tail ends in a venomous barb. [Green
                  | Draconian growth]
 17346 | Lair:5   | Reached XP level 14. HP: 66/108 MP: 1/22
 18197 | Lair:5   | Received a gift from Nemelex Xobeh
 18779 | Lair:5   | Found a large runed translucent door.
 18780 | Lair:5   | Found a large runed translucent door.
 19190 | Lair:5   | Received a gift from Nemelex Xobeh
 19668 | D:11     | Reached skill level 10 in Shapeshifting
 20529 | D:12     | Found a staircase to the Orcish Mines.
 20745 | D:12     | Found Nung's Weapon Shop.
 21010 | D:12     | Found Uggoa's Assorted Antiques.
 21140 | D:12     | Found Orud's Jewellery Shoppe.
 21153 | D:12     | Received a gift from Nemelex Xobeh
 21164 | D:12     | Reached skill level 12 in Invocations
 21169 | D:12     | Bought an iron ring for 125 gold pieces
 21169 | D:12     | Bought a scroll of identify for 50 gold pieces
 21797 | D:12     | Found Nitex's Weapon Shop.
 22088 | Orc:1    | Entered Level 1 of the Orcish Mines
 22214 | Orc:1    | Found Kunaitu's Weapon Shoppe.
 22214 | Orc:1    | Received a gift from Nemelex Xobeh
 22397 | Orc:1    | Reached skill level 13 in Invocations
 22939 | Orc:2    | Entered Level 2 of the Orcish Mines
 22945 | Orc:2    | Noticed Urug
 22954 | Orc:2    | Killed Urug
 22957 | Orc:2    | Received a gift from Nemelex Xobeh
 23303 | Orc:1    | Reached XP level 15. HP: 87/113 MP: 3/24
 23851 | Orc:2    | Found Hanaegg's Magic Scroll Shoppe.
 23851 | Orc:2    | Found Danauzes's Weapon Shop.
 23851 | Orc:2    | Found Hizxoah's Magic Scroll Shop.
 23851 | Orc:2    | Found Ziariti's General Store.
 23851 | Orc:2    | Noticed Maurice
 23860 | Orc:2    | Received a gift from Nemelex Xobeh
 23866 | Orc:2    | Found a staircase to the Elven Halls.
 24068 | Orc:2    | Killed Maurice
 24157 | Orc:2    | Bought a scroll of teleportation for 36 gold pieces
 24157 | Orc:2    | Bought a scroll of fear for 48 gold pieces
 24158 | Orc:2    | Bought a scroll of teleportation for 45 gold pieces
 24158 | Orc:2    | Bought 3 scrolls of blinking for 337 gold pieces
 24158 | Orc:2    | Bought a scroll of teleportation for 45 gold pieces
 24159 | Orc:2    | Bought a scroll of enchant weapon for 97 gold pieces
 24159 | Orc:2    | Bought a scroll of fear for 52 gold pieces
 24159 | Orc:2    | Bought a scroll of teleportation for 39 gold pieces
 24544 | D:13     | Reached skill level 10 in Shields
 24778 | D:13     | Received a gift from Nemelex Xobeh
 25393 | D:13     | Received a gift from Nemelex Xobeh
 26794 | D:14     | Found Igego's Antique Weapon Shop.
 27077 | D:14     | Received a gift from Nemelex Xobeh
 27130 | D:14     | Noticed Lodul
 27151 | D:14     | Killed Lodul
 27160 | Abyss:2  | Cast into level 2 of the Abyss (an occultist)
 27163 | Abyss:2  | Found a corrupted altar of Lugonu.
 27269 | Abyss:2  | Noticed a lich
 27313 | Abyss:2  | Noticed a revenant
 27478 | Abyss:2  | Noticed a tentacled starspawn
 27483 | Abyss:2  | Found a corrupted altar of Lugonu.
 27489 | Abyss:2  | Received a gift from Nemelex Xobeh
 27520 | Abyss:2  | Identified the +5 executioner's axe of Zanuf {drain, rPois
                  | rF+ rCorr Stlth-}
 27545 | Abyss:2  | Received a gift from Nemelex Xobeh
 27670 | Abyss:2  | Found a corrupted altar of Lugonu.
 27703 | Abyss:2  | Received a gift from Nemelex Xobeh
 27731 | Abyss:2  | Reached XP level 16. HP: 78/123 MP: 10/25
 27995 | Abyss:2  | Noticed a lich
 28098 | D:14     | Escaped the Abyss
 28183 | D:14     | Found a stormy altar of Qazlal.
 28224 | D:14     | Received a gift from Nemelex Xobeh
 28411 | D:14     | Noticed Kirke
 28418 | D:14     | Killed Kirke
 28560 | D:14     | Found a gate to the Vaults.
 28997 | D:14     | Received a gift from Nemelex Xobeh
 29500 | Snake:1  | Entered Level 1 of the Snake Pit
 29701 | Snake:1  | Noticed Azrael
 30038 | Snake:1  | Killed Azrael
 31011 | Snake:1  | Reached skill level 10 in Short Blades
 31129 | Snake:1  | Found Adele's Weapon Emporium.
 31300 | Snake:2  | Identified the serpent talisman "Sanuos" {rN++ Str-2 Int+2}
 31300 | Snake:2  | Noticed Aizul
 31329 | Snake:2  | Aizul changed into Aizul the spark wasp
 31329 | Snake:2  | Noticed Aizul
 31340 | Snake:2  | Killed Aizul the spark wasp
 31475 | Snake:2  | Found Nodgh's Weapon Emporium.
 32140 | Snake:2  | Received a gift from Nemelex Xobeh
 32144 | Snake:2  | Found Piana's Weapon Shop.
 32146 | Snake:2  | Found Gox Vaeg's General Store.
 32162 | Snake:2  | Bought a potion of might for 56 gold pieces
 32162 | Snake:2  | Bought a potion of might for 56 gold pieces
 32307 | Snake:2  | Found Luptarph's General Store.
 32320 | Snake:2  | Bought a scroll of enchant weapon for 112 gold pieces
 32320 | Snake:2  | Bought a scroll of teleportation for 45 gold pieces
 32320 | Snake:2  | Bought a scroll of teleportation for 45 gold pieces
 32441 | Snake:2  | Reached XP level 17. HP: 68/131 MP: 24/26
 32658 | Snake:2  | Found Wauttuof's Armour Shop.
 32666 | Snake:2  | Bought the +0 pair of gloves of Ygonloo {rF+ Will+ Str+3}
                  | for 516 gold pieces
 33404 | Snake:2  | Found Beasedei's Weapon Shoppe.
 33686 | Snake:2  | Reached skill level 14 in Invocations
 33700 | Snake:2  | Received a gift from Nemelex Xobeh
 34208 | Snake:2  | Found Ecuogast's General Store.
 34214 | Snake:2  | Bought a wand of light (6) for 327 gold pieces
 34819 | Snake:3  | Reached skill level 15 in Invocations
 34954 | Snake:3  | Noticed Agnes
 34965 | Snake:3  | Killed Agnes
 35346 | Snake:3  | Noticed Donald
 35370 | Snake:3  | Killed Donald
 35671 | Snake:3  | Received a gift from Nemelex Xobeh
 35763 | Snake:3  | Found a runed translucent door.
 35822 | Snake:3  | HP: 9/199 [poisoned by a nagaraja (splash of poison)]
 35827 | Snake:3  | HP: 6/199 [poisoned by a nagaraja (splash of poison)]
 36793 | Snake:3  | Found Pequyv's General Store.
 36895 | Snake:4  | Entered Level 4 of the Snake Pit
 36958 | Snake:4  | Found Ose Pous's Book Emporium.
 36958 | Snake:4  | Found Pipnaxae's Jewellery Boutique.
 36959 | Snake:4  | Found Peli's Jewellery Boutique.
 37293 | Snake:4  | Received a gift from Nemelex Xobeh
 37455 | Snake:4  | Reached XP level 18. HP: 114/141 MP: 29/29
 38035 | Snake:4  | Bought an amulet of regeneration for 480 gold pieces
 38758 | Snake:4  | Identified the +1 long sword "Dotuph" {venom, rN+ Int-5
                  | Dex+2}
 39022 | Snake:4  | Got a serpentine rune of Zot
 39338 | Elf:1    | Entered Level 1 of the Elven Halls
 39369 | Elf:1    | Found a radiant altar of Vehumet.
 39381 | Elf:1    | Noticed Norris
 39425 | Elf:1    | Killed Norris
 39428 | Elf:1    | Received a gift from Nemelex Xobeh
 39470 | Elf:1    | Noticed Asterion
 39485 | Elf:1    | Killed Asterion
 39538 | Elf:1    | Found Biebegupt's General Store.
 39674 | Elf:1    | Found Kooguleo's Book Shoppe.
 39804 | Elf:1    | Found Noumy's General Store.
 39810 | Elf:1    | Bought a wand of roots (6) for 201 gold pieces
 39887 | Elf:1    | Found Peveo's Antique Armour Shoppe.
 40094 | Elf:1    | Received a gift from Nemelex Xobeh
 40511 | Elf:1    | Got the Atlas of the Autopsy
 40714 | Elf:2    | Identified a scroll of acquirement
 40718 | Elf:1    | Acquired 946 gold pieces
 40795 | Elf:2    | Paralysed by an air elemental for 1 turns
 40865 | Elf:1    | Paralysed by an air elemental for 1 turns
 40869 | Elf:1    | Paralysed by an air elemental for 1 turns
 41148 | Elf:2    | Reached XP level 19. HP: 119/141 MP: 23/30
 41154 | Elf:2    | Found a runed translucent gate.
 41154 | Elf:2    | Found a runed translucent gate.
 41200 | Elf:2    | Reached skill level 16 in Invocations
 41496 | Elf:2    | Found a runed translucent gate.
 41585 | Elf:2    | Paralysed by an air elemental for 1 turns
 41655 | Elf:2    | Received a gift from Nemelex Xobeh
 42063 | Swamp:1  | Entered Level 1 of the Swamp
 42199 | Swamp:4  | Entered Level 4 of the Swamp
 42369 | Swamp:4  | Reached skill level 17 in Invocations
 42435 | Swamp:4  | Got a mossy gem with 1429 turns to spare
 42437 | Swamp:4  | Got a decaying rune of Zot
 42581 | Swamp:4  | Received a gift from Nemelex Xobeh
 42863 | Swamp:4  | Found a runed translucent door.
 42864 | Swamp:4  | Found a shimmering altar of Xom.
 42864 | Swamp:4  | Noticed Raspi's ghost (adept MiFi)
 43250 | Swamp:4  | Killed Raspi's ghost
 43534 | Swamp:3  | Noticed Mara
 43545 | Swamp:3  | Killed Mara
 43799 | Swamp:3  | Lost the mossy gem through the power of Zot.
 43935 | Swamp:2  | Noticed Louise
 43954 | Swamp:2  | Killed Louise
 44149 | Swamp:2  | Reached XP level 20. HP: 131/156 MP: 32/32
 44512 | Swamp:1  | Received a gift from Nemelex Xobeh
 44560 | Swamp:1  | Identified the +0 leather armour "Nowiniax" {rC+ Will+}
 44776 | Swamp:1  | Lost mutation: You are frail. (-10% HP) [potion of
                  | mutation]
 44776 | Swamp:1  | Lost mutation: You are occasionally teleported next to
                  | monsters. [potion of mutation]
 44776 | Swamp:1  | Gained mutation: You do not regenerate when monsters are
                  | visible. [potion of mutation]
 44776 | Swamp:1  | Gained mutation: You passively dampen the noise of your
                  | surroundings. [potion of mutation]
 44776 | Swamp:1  | Gained mutation: You have a pair of small horns on your
                  | head. [potion of mutation]
 44904 | Swamp:1  | Reached skill level 5 in Stealth
 44909 | Swamp:1  | Identified the ring of Rorub {Wiz rF+ MP+9 Str+3}
 45406 | Elf:3    | Entered Level 3 of the Elven Halls
 45578 | Elf:3    | Received a gift from Nemelex Xobeh
 45690 | Elf:3    | Reached skill level 10 in Evocations
 46463 | Elf:3    | Identified the +8 ring mail of Liphakk {Dex+2 Stlth+}
 46543 | Elf:3    | Identified the +0 pair of gloves of the Hall of Blades
                  | {Int+4 Dex+5}
 46557 | Elf:3    | Got Atwocku's Elucidation of Outbursts
 46569 | Elf:3    | Identified the blade talisman of Discretion {Int+3}
 46766 | Elf:3    | Received a gift from Nemelex Xobeh
 46864 | Elf:3    | Identified the +3 arbalest of Tension {heavy, rElec rPois}
 46868 | Elf:3    | Identified the +5 scale mail of Waheicash {rElec rPois
                  | Will- Slay+3}
 46906 | Elf:3    | Identified the amulet of the Present {Faith Stlth+}
 46912 | Elf:3    | Identified the +7 morningstar "Gaeghemn" {flame, *Slow rC+
                  | rN+ Int+3}
 46931 | Elf:3    | Identified the +9 spear of Abuse {holy, rN+ Will+}
 47241 | D:15     | Entered Level 15 of the Dungeon
 47325 | D:15     | Received a gift from Nemelex Xobeh
 47345 | D:15     | Found Pychu's Vocational Training.
 47390 | D:15     | Bought a manual of Evocations for 1120 gold pieces
 47390 | D:15     | Bought a manual of Invocations for 1120 gold pieces
 47649 | D:15     | Found a staircase to the Depths.
 47764 | Vaults:1 | Entered Level 1 of the Vaults
 47939 | Vaults:1 | Received a gift from Nemelex Xobeh
 48257 | Vaults:1 | Reached XP level 21. HP: 181/181 MP: 33/33
 48790 | Vaults:2 | Received a gift from Nemelex Xobeh
 48790 | Vaults:2 | Found a staircase to the Crypt.
 48969 | Vaults:2 | Reached skill level 15 in Fighting
 49061 | Vaults:2 | Found a magical portal.
 49074 | WizLab   | Entered Cigotuvi's Fleshworks
 49337 | WizLab   | Reached skill level 15 in Shields
 49360 | WizLab   | Reached skill level 15 in Short Blades
 49566 | WizLab   | Identified the ring "Xinaol" {Fly Dex+3 SInv}
 49785 | WizLab   | Reached skill level 15 in Dodging
 49882 | WizLab   | Lost mutation: You have a pair of small horns on your head.
                  | [potion of mutation]
 49882 | WizLab   | Lost mutation: You do not regenerate when monsters are
                  | visible. [potion of mutation]
 49882 | WizLab   | Lost mutation: You passively dampen the noise of your
                  | surroundings. [potion of mutation]
 49882 | WizLab   | Gained mutation: You have sharp fingernails. [potion of
                  | mutation]
 49956 | WizLab   | Identified the maw talisman of the Shining Light {rN+ Int+5
                  | Dex-3 Stlth+}
 50056 | WizLab   | Identified the flux talisman of Rorest {*Corrode rC+ Str+5}
 50059 | WizLab   | Got Cigotuvi's Anthology of the Necrotic Hornet
 50187 | Vaults:2 | Received a gift from Nemelex Xobeh
 50765 | Vaults:2 | Found a portal to a secret trove of treasure.
 50836 | Vaults:2 | Received a gift from Nemelex Xobeh
 51150 | Vaults:3 | Found Uneliu Ahiu's Antique Weapon Shop.
 51177 | Vaults:3 | Received a gift from Nemelex Xobeh
 51235 | Vaults:3 | Reached XP level 22. HP: 185/194 MP: 18/34
 51314 | Vaults:3 | Identified the +1 spear of Inference {venom, Int+7 Stlth-}
 51507 | Vaults:3 | Received a gift from Nemelex Xobeh
 51882 | Vaults:3 | Received a gift from Nemelex Xobeh
 52021 | Vaults:3 | Paralysed by a formless jellyfish for 1 turns
 52472 | Vaults:4 | Noticed Xtahua
 52487 | Vaults:4 | Killed Xtahua
 52608 | Vaults:4 | Received a gift from Nemelex Xobeh
 53369 | Vaults:4 | Reached skill level 15 in Evocations
 53527 | Vaults:4 | Identified the granite talisman "Ziliysu" {rF++}
 53945 | Vaults:4 | Learned a level 3 spell: Fugue of the Fallen
 53946 | Vaults:5 | Entered Level 5 of the Vaults
 54076 | Vaults:4 | Reached skill level 1 in Necromancy
 54113 | Vaults:5 | Noticed a golden dragon
 54140 | Vaults:4 | Reached skill level 15 in Shapeshifting
 54157 | Vaults:4 | Identified the +3 executioner's axe "Wyaw" {flame, rF+ rC+
                  | MP+9 Dex-4}
 54245 | Vaults:5 | Noticed an ancient lich
 54257 | Vaults:5 | Noticed an ancient lich
 54260 | Vaults:4 | Killed a golden dragon
 54453 | Vaults:5 | Noticed an ancient lich
 54590 | Vaults:4 | Killed an ancient lich
 54591 | Vaults:4 | Reached skill level 5 in Necromancy
 54605 | Vaults:4 | Killed an ancient lich
 54606 | Vaults:4 | Reached XP level 23. HP: 153/202 MP: 35/35
 54643 | Vaults:4 | Killed an ancient lich
 54738 | Vaults:5 | Noticed Sojobo
 54845 | Vaults:5 | Paralysed by an air elemental for 1 turns
 55078 | Vaults:4 | Reached skill level 18 in Invocations
 55199 | Vaults:5 | Paralysed by an air elemental for 1 turns
 55205 | Vaults:5 | Reached skill level 19 in Invocations
 55206 | Vaults:5 | Paralysed by an air elemental for 1 turns
 55211 | Vaults:5 | Killed Sojobo
 55410 | Vaults:5 | Paralysed by an air elemental for 1 turns
 55414 | Vaults:5 | Paralysed by an air elemental for 1 turns
 55415 | Vaults:5 | Killed the ghostly Sojobo
 55924 | Vaults:5 | Acquired 795 gold pieces
 55945 | Vaults:5 | Received a gift from Nemelex Xobeh
 56125 | Vaults:5 | Found the +10 morningstar "Eos" {elec, Halo rElec}
 56128 | Vaults:5 | Identified the ring "Mafrarer" {Fly Int-2 Dex+4}
 56368 | Vaults:5 | Identified the +6 dagger of Gallantry {antimagic, +Blink
                  | rF- rN++ Stlth-}
 56611 | Vaults:5 | Slain by a titan

Illustrated notes

Levels and vault maps discovered:
D:1:      heliophobic_arrival_henge, layout_basic, serial_corexii_hall,
          chequers_hall_statues_wall_a, corexii_hall_statues_x
D:2:      layout_loops_corners, basic_altar, uniq_terence, uniq_robin
D:3:      layout_basic, kennysheep_generic_room_4, uniq_jessica
D:4:      layout_cave_pools, minmay_misc_feat_roman
D:5:      layout_basic, xom_butterflies, minmay_temple_entry_junction,
          ebering_ghost_sewer_f, serial_aquarium, aquarium_bridge_long_joined
          [aquarium_subvault_window, aquarium_subvault_wall,
          aquarium_subvault_bridge, aquarium_subvault_window,
          aquarium_subvault_bridge, aquarium_subvault_balcony],
          aquarium_bridge_island_small [aquarium_subvault_small_water,
          aquarium_subvault_bridge, aquarium_subvault_wall,
          aquarium_subvault_bridge, aquarium_subvault_bridge],
          aquarium_window_double, aquarium_window_double,
          aquarium_window_corridor_1, aquarium_view_2d, roderic_batcave,
          kennysheep_small_square
D:6:      layout_basic
D:7:      layout_loops_corners
D:8:      minmay_general_purpose_star, layout_basic, kb_rosetta, uniq_joseph
D:9:      layout_small_grid
D:10:     layout_basic, mainiacjoe_overflow_six_doors_small, david_lair_generic,
          billiards_dpeg, uniq_josephine
D:11:     layout_loops_ring
D:12:     layout_basic, david_orc_2, serial_shops, nicolae_shop_tiny_waterfront,
          nicolae_shop_tiny_glass, nicolae_shop_rolling_square, shop
D:13:     layout_layer_cave
D:14:     dreamdust_experimentation, layout_stronghold,
          grunt_vaults_entry_fortified, nicolae_qazlal_general_emergency,
          serial_shops, shop, kennysheep_generic_room_9, uniq_kirke, uniq_lodul
D:15:     grunt_enter_depths_snipers, layout_rooms, nicolae_shop_vocational
Temple:   nicolae_temple_bog_church
Lair:1:   layout_regular_city, nicolae_quartered_pool_medium, minivault_19,
          infiniplex_staircase_pool_2, uniq_jeremiah
Lair:2:   layout_cave_pods, serial_bayou, serial_bayou_shore_a,
          serial_bayou_pond_a, serial_bayou_crossing, serial_bayou_pond_d
Lair:3:   layout_concentric_octagons, alex1729_swamp_entry_worm_eleionoma,
          alex1729_snake_entry_snake, kennysheep_abandoned_house
Lair:4:   layout_gridlike, slime_entry_1, nicolae_lair_lakeside_cave
Lair:5:   cheibrodos_lair_end_hotspot, layout_regular_city, st_stairs_10
Swamp:1:  nicolae_swamp_standing_stones, layout_basic_swamp,
          evilmike_swamp_ruin_house_6
Swamp:2:  nicolae_swamp_wrong_neighborhood, layout_falls_marsh,
          serial_swamp_ruin, evilmike_swamp_ruin_rubble_1,
          evilmike_swamp_ruin_house_4, uniq_louise
Swamp:3:  layout_basic_swamp, hangedman_swamp_lotus, swamp_pool_1_2, uniq_mara
Swamp:4:  swamp_vile, layout_basic_swamp, ebering_ghost_xom, swamp_pool_3,
          grunt_hermit_hut, nicolae_swamp_tree_isthmus
Snake:1:  layout_misc_corridors, serial_shops, nicolae_shop_hallway_stairs,
          serial_library_hellmonk_big_corner, uniq_azrael
Snake:2:  nicolae_snake_nest, layout_layer_cave, serial_shops,
          nicolae_shop_window_shopping, shop, shop, shop,
          nicolae_shop_competitors_out_of_business,
          nicolae_snake_herptile_family_reunion, minmay_shoptagon, uniq_aizul
Snake:3:  layout_rooms, serial_shops, nicolae_shop_back_alley_shop,
          grunt_ministairs_12, lightli_airlock, serial_bayou_shore_b,
          uniq_donald, uniq_agnes
Snake:4:  grunt_snake_rune_serpentine_throne, layout_cave_town,
          grunt_ministairs_7, nicolae_snake_omega, minmay_shop_grove
Orc:1:    cheibrodos_orc_arena, layout_caves, serial_shops,
          nicolae_shop_bloodbath_and_beyond
Orc:2:    st_orc_ogre_mass, layout_caves, uniq_maurice, uniq_urug
Elf:1:    eino_elf_arrival_altar, layout_loops_ring, serial_shops, shop,
          nicolae_shop_scrapyard, shop_statue, shop, minmay_elf_necromancy,
          uniq_norris, uniq_asterion
Elf:2:    nicolae_elf_blades_splatter_lattice [infiniplex_blade_entry_pillars],
          layout_geoelf_grid
Elf:3:    minmay_elf_hall_furrowed, layout_geoelf_castle, serial_glass,
          glass_columns_a, glass_columns_a, glass_columns_b, glass_columns_a,
          glass_columns_a, glass_columns_a, glass_columns_a, glass_columns_a,
          glass_columns_b, glass_columns_c, glass_columns_b, glass_columns_b,
          glass_columns_a, glass_columns_b, due_unseen_surprise
Vaults:1: v_rooms_2, nicolae_vaults_ninety_degrees, grunt_vaults_hallway_long,
          nicolae_vaults_security_offices_6, dpeg_vaults_monster_row,
          hangedman_vaults_maws, nicolae_vaults_apartment_2,
          nicolae_vaults_yaktaur_gun_rack, grunt_vaults_hallway_short,
          hangedman_vaults_hat, layout_vaults_maze_snakey
Vaults:2: mu_enter_wizlab_3, vaults_dpeg_spiral, nicolae_vaults_whirlpool_walls,
          v_alt_pattern_5, nicolae_vaults_spaceships, v_misc_28,
          minmay_crypt_entry_nasty_monster, nicolae_vaults_circle_grid_a,
          nicolae_vaults_more_shelving_2, nicolae_vaults_what_the_h, v_misc_13,
          layout_vaults_ring, enter_trove_5
Vaults:3: st_eye, hangedman_vaults_snaps, vaults_room_fours,
          vaults_room_corners, v_misc_15, hangedman_vaults_corner_blocks,
          grunt_vaults_swirl, ontoclasm_vaults_idyll,
          vaults_dpeg_emergency_exit, vaults_standard_mumra_x,
          nicolae_vaults_heist, layout_vaults_omnigrid, serial_shops, shop
Vaults:4: grunt_vaults_hallway_long, v_misc_27, hangedman_surveillance_ring,
          v_misc_5, nicolae_vaults_closet_pinwheel_2, vaults_mumra_hexcomb,
          nicolae_vaults_house_1, v_misc_29, nicolae_vaults_big_ls,
          nicolae_vaults_variable_pillar_hall, nicolae_vaults_hexular_roomagon,
          nicolae_vaults_trapezoid_lopsided_4, nicolae_vaults_double_plus_1,
          layout_vaults_omnicross, uniq_xtahua
Vaults:5: serial_shops, uniq_sojobo

Skill      XL: |  1  2  3  4  5  6  7  8  9 10 11 12 13 14 15 16 17 18 19 20 21 22 23 |
---------------+----------------------------------------------------------------------+-----
Dodging        | 2 3 4 5 7 10 12 14 15 16 | 16.0
Conjurations   | 2 |  2.0
Spellcasting   | 3 5 |  5.0
Alchemy        | 4 6 7 8 10 | 10.0
Invocations    | 1 3 4 6 7 9 10 11 13 15 17 19 | 19.0
Fighting       | 3 6 8 10 11 12 13 14 15 16 | 16.9
Short Blades   | 3 5 6 7 10 13 14 15 16 | 16.0
Fire Magic     | 2 4 6 |  6.0
Shields        | 4 5 7 11 12 13 14 15 16 | 16.0
Stealth        | 4 8 |  8.0
Evocations     | 1 8 9 14 16 | 16.0
Shapeshifting  | 7 10 11 12 14 15 16 | 16.7
Necromancy     | 5 |  5.0

Action                     |  1- 3 |  4- 6 |  7- 9 | 10-12 | 13-15 | 16-18 | 19-21 | 22-24 || total
---------------------------+-------+-------+-------+-------+-------+-------+-------+-------++-------
  Melee: Unarmed           |     3 |       |       |       |       |       |       |       ||     3
         Dagger            |    34 |    76 |       |       |       |       |       |       ||   110
         Tailslap          |     3 |    12 |    39 |   109 |   180 |   461 |   637 |   453 ||  1894
         Punch             |     1 |     2 |     6 |     1 |       |       |       |       ||    10
         Short sword       |       |     7 |   275 |   562 |   888 |  2021 |       |       ||  3753
         Maw               |       |       |       |       |   258 |   885 |  1075 |   750 ||  2968
         Quick blade       |       |       |       |       |       |       |  2500 |  1485 ||  3985
         Headbutt          |       |       |       |       |       |       |   447 |       ||   447
   Cast: Sting             |    35 |    56 |    37 |    35 |     7 |     2 |       |       ||   172
         Mercury Vapours   |       |     2 |    13 |    20 |    27 |     2 |     2 |       ||    66
         Olgreb's Toxic Ra |       |       |     2 |    38 |   137 |    90 |    18 |    11 ||   296
         Sticky Flame      |       |       |       |     2 |    54 |    38 |       |       ||    94
         Scorch            |       |       |       |       |    40 |    16 |     2 |       ||    58
         Fugue of the Fall |       |       |       |       |       |       |       |    10 ||    10
 Invoke: Draw Summoning    |       |       |     4 |     4 |    19 |    12 |     2 |     3 ||    44
         Draw Destruction  |       |       |     8 |    21 |    44 |    42 |    28 |    12 ||   155
         Triple Draw       |       |       |     2 |       |     2 |     3 |       |       ||     7
         Draw Escape       |       |       |       |     1 |    10 |     2 |     6 |     5 ||    24
         Deal Four         |       |       |       |       |     3 |     3 |       |     3 ||     9
         Stack Five        |       |       |       |       |       |     1 |       |     1 ||     2
         Draw Stack        |       |       |       |       |       |       |       |     5 ||     5
Ability: Breathe Noxious F |       |       |    12 |    22 |    35 |    41 |    14 |     7 ||   131
         Begin Untransform |       |       |       |       |       |       |     1 |       ||     1
  Evoke: Wand              |       |     2 |       |       |    19 |    11 |     7 |     9 ||    48
         Tin of tremorston |       |       |       |       |       |     1 |       |     1 ||     2
         Lightning rod     |       |       |       |       |       |       |     2 |     4 ||     6
         Box of beasts     |       |       |       |       |       |       |       |     1 ||     1
    Use: Potion            |       |     4 |     6 |     2 |     3 |     7 |     5 |    12 ||    39
         Scroll            |       |     1 |     5 |    10 |    14 |    18 |    12 |     7 ||    67
   Stab: Sleeping          |     1 |     2 |     4 |     6 |     9 |    14 |    30 |    13 ||    79
         Confused          |       |       |     8 |    14 |    23 |    16 |     6 |     6 ||    73
         Distracted        |       |       |       |       |     7 |     6 |     4 |       ||    17
         Petrified         |       |       |       |       |     2 |     1 |       |       ||     3
         Paralysed         |       |       |       |       |     2 |     1 |       |       ||     3
 Armour: Skin              |    23 |    42 |   227 |   286 |   503 |   609 |   482 |   473 ||  2645
  Dodge: Dodged            |    32 |    63 |   290 |   330 |   627 |   676 |   542 |   463 ||  3023
  Block: Buckler           |       |       |       |   100 |   163 |       |       |       ||   263
         Kite shield       |       |       |       |       |   297 |  2012 |   762 |   607 ||  3678
         Reflection        |       |       |       |       |       |   179 |    44 |    72 ||   295
   Form: Maw               |       |       |       |       |     1 |       |     1 |       ||     2
